 Dungeon Crawl Stone Soup version 0.29-a0-371-g91724d5b39 (webtiles) character file.

Game seed: 9595170795728641219

30 spaghetti the Chiller (level 3, 25/25 HPs)
             Began as a Gnoll Wanderer on May 2, 2022.
             Was a Follower of Wu Jian.
             Quit the game on level 1 of the Dungeon.
             The game lasted 00:01:02 (871 turns).

spaghetti the Chiller (Gnoll Wanderer)               Turns: 871, Time: 00:01:03

Health: 25/25      AC:  2    Str: 11    XL:     3   Next: 18%
Magic:  7/7        EV: 12    Int: 14    God:    Wu Jian [*.....]
Gold:   75         SH:  5    Dex: 10    Spells: 6/7 levels left

rFire   . . .      SeeInvis .   a - +0 mace {mace}
rCold   . . .      Faith    .   b - +0 buckler
rNeg    . . .      Spirit   .   d - +0 robe
rPois   .          Reflect  .   (no helmet)
rElec   .          Harm     .   (no cloak)
rCorr   .          Rampage  .   (no gloves)
Will    .....                   (no boots)
Stlth   +.........              (no amulet)
HPRegen 0.08/turn               (no ring)
MPRegen 0.10/turn               (no ring)

@: no status effects
A: fangs 1, strong nose, distributed training
a: Renounce Religion


You were on level 1 of the Dungeon.
You worshipped Wu Jian.
Wu Jian was aware of your devotion.
You visited 1 branch of the dungeon, and saw 1 of its levels.

You collected 75 gold pieces.


Innate Abilities, Weirdness & Mutations

You have very sharp teeth.
Your uncanny sense of smell can sniff out nearby items.
Your experience applies equally to all skills.


   Skills:
 + Level 0.6 Fighting
 + Level 0.6 Short Blades
 + Level 0.6 Long Blades
 + Level 0.6 Axes
 + Level 2.5 Maces & Flails
 + Level 0.6 Polearms
 + Level 0.6 Staves
 + Level 0.6 Slings
 + Level 0.6 Bows
 + Level 0.6 Crossbows
 + Level 0.6 Throwing
 + Level 0.6 Armour
 + Level 2.5 Dodging
 + Level 0.6 Stealth
 + Level 6.5 Shields
 + Level 0.6 Unarmed Combat
 + Level 2.8 Spellcasting
 + Level 0.4 Conjurations
 + Level 0.4 Hexes
 + Level 0.4 Summonings
 + Level 0.4 Necromancy
 + Level 0.4 Translocations
 + Level 0.4 Transmutations
 + Level 0.4 Fire Magic
 + Level 7.1 Ice Magic
 + Level 0.4 Air Magic
 + Level 0.4 Earth Magic
 + Level 0.4 Poison Magic
 + Level 0.8 Invocations
 + Level 0.6 Evocations


You had 6 spell levels left.
You knew the following spells:

 Your Spells              Type           Power      Damage    Failure   Level
a - Freeze                Ice            84%        1d10      1%          1

Your spell library contained the following spells:

 Spells                   Type           Power      Damage    Failure   Level
 Hailstorm                Conj/Ice       12%        3d5       52%         4
 Summon Ice Beast         Ice/Summ       12%        N/A       52%         4

Inventory:

Hand Weapons
 a - a +0 mace (weapon) {mace}
 g - a +2 antimagic spear {polearm}
   (You found it on level 1 of the Dungeon)
Missiles
 j - 21 stones {throwing}
Armour
 b - a +0 buckler (worn)
 d - a +0 robe (worn)
Scrolls
 c - 2 scrolls of teleportation {@r4}
 e - 3 scrolls of identify {unknown}
 i - a scroll of vulnerability {unknown}
Potions
 f - a potion of curing {unknown}
 h - a potion of lignification {unknown}

Dungeon Overview and Level Annotations

Branches:
Dungeon (1/15)

Altars:
Wu Jian

######### #...r.... ######
#@# ...... #.# ...... #.#
...... #.#
################.##
..................#
################..##
.........# #...######
########.#######.#......#.#


You could see a quokka.


Message History

A gnoll is nearby!
A gnoll is nearby!
You lunge at the gnoll.
You completely miss the gnoll. The gnoll misses you.
Casting: Freeze (safe; 1% risk of failure)
Confirm with . or Enter, or press ? or * to list all spells.
Aiming: Freeze (safe; 1% risk of failure)
Press: ? - help, Shift-Dir - straight line, f - gnoll
Aim: a gnoll, wielding a +0 flail You miscast Freeze.
You are very lightly contaminated with residual magic.
Nothing appears to happen.
The gnoll misses you. 😎 MP[-1]
You lost 1 mp, and now have 4/5 mp.
Casting: Freeze (safe; 1% risk of failure)
Confirm with . or Enter, or press ? or * to list all spells.
Aiming: Freeze (safe; 1% risk of failure)
Press: ? - help, Shift-Dir - straight line, f/p - gnoll
Aim: a gnoll, wielding a +0 flail You freeze the gnoll!
The gnoll hits you with a +0 flail. 😮 HP[-5] MP[-1]
You take 5 damage, and now have 15/20 hp.
MASSIVE DAMAGE!! (PAUSE)
You lost 1 mp, and now have 3/5 mp.
Casting: Freeze (safe; 1% risk of failure)
Confirm with . or Enter, or press ? or * to list all spells.
Aiming: Freeze (safe; 1% risk of failure)
Press: ? - help, Shift-Dir - straight line, f/p - gnoll
Aim: a gnoll, wielding a +0 flail (heavily wounded)
You freeze the gnoll. The gnoll misses you. 😕 HP[+1] MP[-1]
You lost 1 mp, and now have 2/5 mp.
Casting: Freeze (safe; 1% risk of failure)
Confirm with . or Enter, or press ? or * to list all spells.
Aiming: Freeze (safe; 1% risk of failure)
Press: ? - help, Shift-Dir - straight line, f/p - gnoll
Aim: a gnoll, wielding a +0 flail (almost dead)
You freeze the gnoll.
You kill the gnoll!
The Council accepts your kill.
You have reached level 3!
Your experience leads to an increase in your attributes!
Increase (S)trength, (I)ntelligence, or (D)exterity?
You feel clever. x2 😕 HP[+4] MP[-1]
You now have 25 max hp (+5).
You regained 4 hp, and now have 20/25 hp.
Okay, then.
Your magical contamination has completely faded away.
Key pressed, stopping explore.
You see here a +0 flail {mace}.
Key pressed, stopping explore.
You now have 62 gold pieces (gained 6).
You now have 72 gold pieces (gained 10).
Key pressed, stopping explore.
Key pressed, stopping explore.
A ball python comes into view.
The ball python hisses angrily. 😎 HP[+5] MP[+6]
Your hp is fully restored (25).
Your mp is fully restored (7).
A ball python is nearby!
A ball python is nearby!
Casting: Freeze (safe; 1% risk of failure)
Confirm with . or Enter, or press ? or * to list all spells.
Aiming: Freeze (safe; 1% risk of failure)
Press: ? - help, Shift-Dir - straight line, f - ball python
Aim: a ball python You freeze the ball python!
You kill the ball python!
The Council accepts your kill. 😎 MP[-1]
You lost 1 mp, and now have 6/7 mp.
Casting: Freeze (safe; 1% risk of failure)
Confirm with . or Enter, or press ? or * to list all spells.
You can't see any susceptible monsters within range! (Use Z to cast anyway.)
You see here a ball python corpse.
Key pressed, stopping explore.
A frilled lizard comes into view. 😎 MP[+1]
Your mp is fully restored (7).
A frilled lizard is nearby!
A frilled lizard is nearby!
A frilled lizard is nearby!
Found a stone staircase leading down.
The frilled lizard hisses angrily.
You lunge at the frilled lizard.
You sock the frilled lizard!
You kill the frilled lizard!
The Council accepts your kill.
Casting: Freeze (safe; 1% risk of failure)
Confirm with . or Enter, or press ? or * to list all spells.
You can't see any susceptible monsters within range! (Use Z to cast anyway.) Unknown command.
Unknown command.
c - 2 scrolls of teleportation {@r4} (gained 1)
You now have 75 gold pieces (gained 3).
Key pressed, stopping explore.
Found a stone staircase leading down.
There is a stone staircase leading down here.
A quokka comes into view.
A quokka is nearby!
Are you sure you want to abandon this character and quit the game? (Confirm with "yes".)

Action                   || total
-------------------------++-------
Melee: Mace              ||     7
 Cast: Freeze            ||    17
Invok: Whirlwind         ||     2
       Lunge             ||     2
Armor: Robe              ||     2
Dodge: Dodged            ||     9
Block: Buckler           ||     1

Levels and vault maps discovered:
D:1:      tarquinn_simple_flora_water_f, layout_basic,
          chequers_ecumenical_altar_simple_redux

Notes
Turn   | Place    | Note
-------+----------+-------------------------------------------
     0 | D:1      | spaghetti the Gnoll Wanderer began the quest for the Orb.
     0 | D:1      | spaghetti set off with the following items: a +0 mace
                  | {mace}, a +0 buckler, a scroll of teleportation {@r4}, a +0
                  | robe; and the following spell memorised: Freeze; and the
                  | following spells available to memorise: Hailstorm, Summon
                  | Ice Beast
     0 | D:1      | Reached XP level 1. HP: 13/13 MP: 4/4
     0 | D:1      | magus.rc [v1.9.6]
   129 | D:1      | Found a faded altar of an unknown god.
   151 | D:1      | Prayed at the altar of an unknown god.
   151 | D:1      | Became a worshipper of the Wu Jian Council
   151 | D:1      | Reached * piety under Wu Jian
   306 | D:1      | Reached XP level 2. HP: 17/19 MP: 3/5
   626 | D:1      | Reached XP level 3. HP: 20/25 MP: 1/7
   871 | D:1      | Quit the game

Vanquished Creatures
  A gnoll (D:1)
  A ball python (D:1)
  2 endoplasms (D:1)
  A giant cockroach (D:1)
  3 hobgoblins (D:1)
  4 jackals (D:1)
  2 quokkas (D:1)
  A bat (D:1)
  2 frilled lizards (D:1)
17 creatures vanquished.

Table legend:
 A = Non-vault XP
 B = Vault XP
 C = Vault XP percentage of total XP
 D = Non-vault monster count
 E = Vault monster count
 F = Vault count percentage of total count
                 A         B        C        D         E       F
            +---------+---------+-------+---------+---------+-------
      Total |      43 |       0 |   0.0 |      17 |       0 |   0.0
            +---------+---------+-------+---------+---------+-------
        D:1 |      43 |       0 |   0.0 |      17 |       0 |   0.0
            +---------+---------+-------+---------+---------+-------

Illustrated notes

Table legend:
 A = Kills in this place as a percentage of kills in entire the game.
 B = Kills by you in this place as a percentage of kills by you in the entire game.
 C = Kills by friends in this place as a percentage of kills by friends in the entire game.
 D = Other kills in this place as a percentage of other kills in the entire game.
 E = Experience gained in this place as a percentage of experience gained in the entire game.
 F = Experience gained in this place divided by the number of levels of this place that you have seen.
                   A       B       C       D       E      F
               +-------+-------+-------+-------+-------+----------------------
         Total | 100.0 | 100.0 |   N/A |   N/A | 100.0 |  43.0
       Dungeon | 100.0 | 100.0 |   N/A |   N/A | 100.0 |  43.0
               +-------+-------+-------+-------+-------+----------------------

Table legend: (Time is in decaauts)
 A = Elapsed time spent in this place.
 B = Non-inter-level travel time spent in this place.
 C = Inter-level travel time spent in this place.
 D = Time resting spent in this place.
 E = Time spent auto-exploring this place.
 F = Levels seen in this place.
 G = Mean time per level.
                   A        B        C        D        E       F      G
               +--------+--------+--------+--------+--------+-----+--------+
         Total |    871 |    871 |      0 |    196 |    595 |   1 |  871.0 |
       Dungeon |    871 |    871 |      0 |    196 |    595 |   1 |  871.0 |
               +--------+--------+--------+--------+--------+-----+--------+

Top non-repeatable levels by time:
     D:1: 871 daAuts
